 Dungeon Crawl Stone Soup version 0.21.1-1-g345015f (webtiles) character file.

1668 teukkam the Ruffian (level 8, -4/83 HPs)
             Began as a Troll Monk on Feb 23, 2018.
             Slain by an unseen horror (6 damage)
             ... on level 12 of the Dungeon.
             The game lasted 00:07:10 (1259 turns).

teukkam the Ruffian (Troll Monk)                    Turns: 1259, Time: 00:07:11

Health: -4/83      AC:  6    Str: 27    XL:     8   Next: 69%
Magic:  7/7        EV: 11    Int:  6    God:
Gold:   81         SH:  0    Dex: 12    Spells: 7/7 levels left

rFire    . . .     SeeInvis .     - Unarmed
rCold    . . .     Gourm    +   (no shield)
rNeg     . . .     Faith    .   a - +0 robe
rPois    .         Spirit   .   (helmet restricted)
rElec    .         Reflect  .   d - +0 cloak
rCorr    .         Harm     .   (gloves unavailable)
MR       .....                  (boots unavailable)
Stlth    ++........             (no amulet)
HPRegen  0.63/turn              (no ring)
MPRegen  0.10/turn              (no ring)

@: mighty
A: large, unfitting armour, claws 3, fast metabolism 3, gourmand, regeneration
1, shaggy fur 1, tough skin 2
a: no special abilities


You were on level 12 of the Dungeon.
You were full.

You visited 1 branch of the dungeon, and saw 11 of its levels.

You collected 81 gold pieces.

Inventory:

Hand Weapons
 j - a +1 flail of venom
Missiles
 f - 4 tomahawks (quivered)
Armour
 a - a +0 robe (worn)
 d - a +0 cloak (worn)
Wands
 g - a wand of digging (13)
Scrolls
 c - 4 scrolls of teleportation
 e - 3 scrolls of remove curse {unknown}
 h - a scroll of enchant armour {unknown}
Comestibles
 b - 3 rations


   Skills:
 + Level 6.2 Fighting
 - Level 4.0 Dodging
 - Level 2.4 Stealth
 + Level 7.5 Unarmed Combat


You had 7 spell levels left.
You didn't know any spells.

Dungeon Overview and Level Annotations

Branches:
Dungeon (10/15)               Orc (0/2) D:9
 Temple: D:4-7         Lair: D:8-11

Altars:
Nemelex Xobeh
Qazlal


Innate Abilities, Weirdness & Mutations

You are too large for most types of armour.
You have claws for hands.
Your metabolism is lightning-fast.
You like to eat raw meat.
Your natural rate of healing is unusually fast.
You are covered in fur. (AC +1)
You have very tough skin. (AC +2)


Message History

Something completely misses you. The troll bites you but does no damage.
The troll claws you but does no damage. x2
You mangle the troll!!
You kill the troll!
Your Fighting skill increases to level 6!
Something hits you but does no damage. The adder closely misses you.
You claw the adder!
You kill the adder!
Something hits you.
* * * LOW HITPOINT WARNING * * *
Something hits you.
* * * LOW HITPOINT WARNING * * *
You barely miss something. Something hits you.
* * * LOW HITPOINT WARNING * * *
Something hits you.
* * * LOW HITPOINT WARNING * * *
You found a teleport trap!
Something hits you!
* * * LOW HITPOINT WARNING * * *
Something hits you.
You die...

######+########
#.............#
+.............# .
#.............#..
#......$.........
#....@{{.†.....#
#.^..^........#
#.............#
#########+#####


There were no monsters in sight!

Vanquished Creatures
  The ghost of zhorgal the Spear-Bearer, a novice CeBe of Trog (D:10)
  A troll (D:12)
  A hungry ghost (D:7)
  A sky beast (D:9)
  A phantom (D:7)
  An ogre (D:9)
  A water moccasin zombie (D:9)
  4 wights (D:9)
  A bullfrog zombie (D:9)
  A bullfrog skeleton (D:9)
  A centaur skeleton (D:7)
  2 worker ants (D:7)
  A hound skeleton (D:7)
  3 adders
  2 adder zombies (D:9)
  An adder skeleton (D:9)
  A leopard gecko (D:4)
  2 giant cockroaches (D:2)
  3 jackals (D:2)
  A quokka (D:4)
  A ball python (D:2)
  A bat (D:2)
  A quokka skeleton (D:4)
33 creatures vanquished.

Notes
Turn   | Place    | Note
-------+----------+-------------------------------------------
     0 | D:1      | teukkam the Troll Monk began the quest for the Orb.
     0 | D:1      | Reached XP level 1. HP: 22/22 MP: 0/0
    23 | D:2      | Reached XP level 2. HP: 18/29 MP: 1/1
    82 | D:2      | Found a sparkling altar of Nemelex Xobeh.
   199 | D:4      | Reached XP level 3. HP: 26/36 MP: 2/2
   254 | D:5      | Entered Level 5 of the Dungeon
   378 | D:7      | Noticed a phantom
   389 | D:7      | Killed a phantom
   389 | D:7      | Reached XP level 4. HP: 34/45 MP: 3/3
   389 | D:7      | Reached XP level 5. HP: 40/53 MP: 4/4
   430 | D:7      | Reached skill level 4 in Unarmed Combat
   573 | D:7      | Noticed a hungry ghost
   586 | D:7      | Killed a hungry ghost
   586 | D:7      | Reached XP level 6. HP: 57/61 MP: 5/5
   686 | D:9      | Found a staircase to the Orcish Mines.
   844 | D:9      | Found a stormy altar of Qazlal.
   856 | D:9      | Reached XP level 7. HP: 58/68 MP: 6/6
   988 | D:9      | Reached skill level 5 in Unarmed Combat
  1047 | D:9      | Noticed a troll
  1055 | D:10     | Entered Level 10 of the Dungeon
  1109 | D:10     | Noticed zhorgal's ghost (novice CeBe)
  1124 | D:10     | Killed zhorgal's ghost
  1124 | D:10     | Reached skill level 5 in Fighting
  1124 | D:10     | Reached skill level 7 in Unarmed Combat
  1124 | D:10     | Reached XP level 8. HP: 28/83 MP: 7/7
  1245 | D:10     | You fall through a shaft for 2 floors!
  1245 | D:12     | Noticed a troll
  1253 | D:12     | Killed a troll
  1258 | D:12     | HP: 1/83 [something (8)]
  1259 | D:12     | Slain by an unseen horror

Skill      XL: |  1  2  3  4  5  6  7  8 |
---------------+-------------------------+-----
Fighting       | 3 5 6 |  6.2
Dodging        | 3 4 |  4.0
Unarmed Combat | 4 7 |  7.5
Stealth        | 2 |  2.4

Action                   |  1- 3 |  4- 6 |  7- 9 || total
-------------------------+-------+-------+-------++-------
Melee: Unarmed           |    52 |    48 |    51 ||   151
Throw: Tomahawk          |       |     5 |       ||     5
  Use: Scroll            |       |     1 |       ||     1
       Potion            |       |       |     3 ||     3
 Stab: Sleeping          |     1 |     1 |     2 ||     4
  Eat: Chunk             |     3 |       |     6 ||     9
       Ration            |       |     1 |     1 ||     2
Armor: Robe              |    18 |    11 |    14 ||    43
       Skin              |       |       |     3 ||     3
Dodge: Dodged            |    34 |    17 |    16 ||    67
